cohdb
Replays
Latest Replays
All Replays
Popular Replays
Top Player Replays
Match Explorer
How It Works
Community
CoH3 Stats
Reddit
Sign in to upload your games and track your stats! →
Sign in with Steam
Match 42876515
Unlisted
Match 42876515
Overview
Messages
Build Orders
End
Vickers Machine Gun Team
Construct Section Command Post
Dingo Light Scout Car
Selects Canadian Shock Battlegroup
Infantry Section
Construct Platoon Command Post
Royal Engineer Section
Royal Engineer Section
Unlock M3 Stuart Light Tanks
Selects Incendiary Munitions
M3 Stuart Light Tank
Construct Field Infirmary
Infantry Section
Infantry Section
MaLaC87
SneaKerz
gb_gbg
RiCE
Tiensin
Wrekah
0
0
Comments
sign in to comment!
No comments posted yet!